 Dungeon Crawl Stone Soup version 0.28-a0-1312-g71652a0310 (webtiles) character file.

Game seed: 7152110628302301037

668 freelancePsychic the Ruffian (level 7, -5/70 HPs)
             Began as a Troll Monk on Dec 27, 2021.
             Was a Priest of Wu Jian.
             Slain by an unseen horror (8 damage)
             ... on level 5 of the Dungeon.
             The game lasted 00:07:12 (2920 turns).

freelancePsychic the Ruffian (Troll Monk)           Turns: 2920, Time: 00:07:13

Health: -5/70      AC:  4    Str: 20    XL:     7   Next: 32%
Magic:  6/6        EV: 11    Int:  6    God:    Wu Jian [***...]
Gold:   159        SH:  0    Dex: 14    Spells: 6/6 levels left

rFire   . . .      SeeInvis .     - Unarmed
rCold   . . .      Faith    .   (no shield)
rNeg    . . .      Spirit   .   a - +0 robe
rPois   .          Reflect  .   (helmet restricted)
rElec   .          Harm     .   (no cloak)
rCorr   .          Rampage  .   (gloves unavailable)
Will    .....                   (boots unavailable)
Stlth   ++........              (no amulet)
HPRegen 1.01/turn               (no ring)
MPRegen 0.10/turn               (no ring)

@: no status effects
A: large, unfitting armour, claws 3, regeneration 1, shaggy fur 1, tough skin 1
a: Renounce Religion, Wall Jump, Serpent's Lash


You were on level 5 of the Dungeon.
You worshipped Wu Jian.
Wu Jian was most pleased with you.
You visited 2 branches of the dungeon, and saw 6 of its levels.

You collected 180 gold pieces.
You spent 21 gold pieces at shops.

Inventory:

Missiles
 f - 3 large rocks
 g - 13 poisoned darts
 h - 4 atropa-tipped darts
 i - 172 stones (quivered)
 r - 3 datura-tipped darts
Armour
 a - a +0 robe (worn)
Jewellery
 e - a ring of see invisible
Scrolls
 d - 2 scrolls of noise
 k - a scroll of immolation
 n - 2 scrolls of enchant armour
 o - 2 scrolls of teleportation {@r4}
 q - 2 scrolls of fear
 s - a scroll of enchant weapon {unknown}
 t - a scroll of identify {@r1}
Potions
 b - a potion of ambrosia {unknown}
 c - a potion of mutation {unknown}
 j - a potion of curing {unknown}
 l - a potion of haste {unknown}
 m - a potion of resistance {unknown}
 p - a potion of might {unknown}


   Skills:
 + Level 4.1 Fighting
 - Level 2.2 Throwing
 + Level 3.3 Dodging
 - Level 1.0 Stealth
 * Level 6.4 Unarmed Combat


You had 6 spell levels left.
You didn't know any spells.
Your spell library contained the following spells:

 Spells                   Type           Power      Damage    Failure   Level
 Animate Skeleton         Necr           0%         N/A       45%         1
 Apportation              Tloc           0%         N/A       45%         1
 Summon Small Mammal      Summ           0%         N/A       45%         1
 Ignite Poison            Fire/Tmut/Pois 0%         N/A       83%         3
 Mephitic Cloud           Conj/Pois/Air  0%         N/A       83%         3
 Freezing Cloud           Conj/Ice/Air   0%         6-21      100%        5


Dungeon Overview and Level Annotations

Branches:
Dungeon (5/15)             Temple (1/1) D:5

Altars:
Ashenzari
Elyvilon
Hepliaklqana
Trog
Uskayaw
Wu Jian

Shops:
D:4 =   D:5 :(:

Annotations:
D:3 1 runed translucent door, of5's ghost, amateur DsFi
D:4 2 transporters, SirDiesAlot's ghost, novice MiHu


Innate Abilities, Weirdness & Mutations

You are too large for most types of armour.
You have claws for hands.
Your natural rate of healing is unusually fast.
You are covered in fur. (AC +1)
You have tough skin. (AC +1)


Message History

Something hits you!
There is a staircase to the Ecumenical Temple, spattered with blood here.
Something hits you but does no damage.
You climb downwards.
Welcome to the Ecumenical Temple!
Reactivating autopickup.
Found five altars.
There is a staircase back to the Dungeon here.
You start resting.
HP restored.
You climb upwards.
Welcome back to the Dungeon!
Something hits you.
Deactivating autopickup; reactivate with Ctrl-A.
Something hits you.
There is a staircase to the Ecumenical Temple, spattered with blood here.
Something hits you! Something hits you but does no damage. Something hits you.
Something hits you but does no damage. Something hits you. Something hits you.
There is a fountain of clear blue water here.
Something hits you! Something hits you but does no damage. Something hits you!
Something hits you! Something hits you! Something hits you.
* * * LOW HITPOINT WARNING * * *
There is a staircase to the Ecumenical Temple, spattered with blood here.
Something completely misses you. Something hits you. Something hits you.
* * * LOW HITPOINT WARNING * * *
Something hits you!
* * * LOW HITPOINT WARNING * * *
Something hits you!
* * * LOW HITPOINT WARNING * * *
There is a fountain of clear blue water here.
Something hits you.
* * * LOW HITPOINT WARNING * * *
Something hits you!
You die...

.# #........##
#.)..
.######.####.#.#
#..#.
......#..###.#...
##..#.
.##...8)..##.#####
......
.##..8.8.....#
###.#..
.##.8...8.#..#
#.#..
.##8..∩..8...#
##....
.##.8...8.#.######
#.....
.#...8.8........@#
.##..
......8...#.#.##.##
#..
....####....#.#...#
# #.. ....#
#.#..#.#.⌠.# ..###.
....# #.#....#...#
...... †...#
#.....###.###
...... #...#
##...##⌠...⌠#
###### #####
#..###.....# # #.##
#..>..# #


There were no monsters in sight!

Vanquished Creatures
  An ogre (D:5)
  2 centaurs (D:5)
  A hound (D:4)
  A centaur skeleton (D:5)
  4 iguanas
  2 orc wizards (D:4)
  3 hound skeletons
  5 adders
  2 adder skeletons (D:4)
  2 adder zombies (D:3)
  2 worms
  2 dart slugs
  6 orcs
  10 ball pythons
  7 endoplasms
  A giant cockroach (D:1)
  4 goblins
  7 hobgoblins
  8 jackals
  5 kobolds
  A quokka (D:2)
  A ball python skeleton (D:3)
  7 bats
  3 frilled lizards
  A quokka skeleton (D:3)
  4 rats
92 creatures vanquished.

Vanquished Creatures (others)
  An orc wizard (D:4)
1 creature vanquished.

Grand Total: 93 creatures vanquished

Notes
Turn   | Place    | Note
-------+----------+-------------------------------------------
     0 | D:1      | freelancePsychic the Troll Monk began the quest for the
                  | Orb.
     0 | D:1      | Reached XP level 1. HP: 22/22 MP: 0/0
   225 | D:1      | Reached XP level 2. HP: 29/29 MP: 1/1
   791 | D:2      | Reached skill level 1 in Throwing
   808 | D:2      | Reached XP level 3. HP: 27/36 MP: 2/2
  1301 | D:3      | Reached skill level 4 in Unarmed Combat
  1337 | D:3      | Reached XP level 4. HP: 44/44 MP: 3/3
  1367 | D:3      | Found a runed translucent door.
  1368 | D:3      | Noticed of5's ghost (amateur DsFi)
  1444 | D:3      | Found a faded altar of an unknown god.
  1458 | D:3      | Prayed at the altar of an unknown god.
  1458 | D:3      | Became a worshipper of the Wu Jian Council
  1458 | D:3      | Reached * piety under Wu Jian
  1458 | D:3      | Reached ** piety under Wu Jian
  1562 | D:3      | Reached *** piety under Wu Jian
  1830 | D:4      | Found a transporter.
  1841 | D:4      | Reached XP level 5. HP: 53/53 MP: 4/4
  1881 | D:4      | Found Ageopoz's Jewellery Shoppe.
  1921 | D:4      | Identified the +3 leather armour of the Sturgeon {Str+4}
  1993 | D:4      | Noticed SirDiesAlot's ghost (novice MiHu)
  2066 | D:4      | Found a transporter.
  2223 | D:4      | Reached skill level 5 in Unarmed Combat
  2304 | D:5      | Entered Level 5 of the Dungeon
  2350 | D:4      | Reached XP level 6. HP: 52/61 MP: 5/5
  2454 | D:5      | Found Ecutawn's Book Shop.
  2461 | D:5      | Identified the +11 plate armour of the Tuna {rF- Str+4
                  | SInv}
  2550 | D:5      | Found Myucw's Weapon Emporium.
  2557 | D:5      | Bought 3 large rocks for 21 gold pieces
  2565 | D:5      | Reached skill level 6 in Unarmed Combat
  2608 | D:5      | Reached XP level 7. HP: 35/68 MP: 6/6
  2641 | D:5      | Found Tuacufa's Book Shoppe.
  2821 | D:5      | Found a staircase to the Ecumenical Temple.
  2853 | Temple   | Entered the Ecumenical Temple
  2919 | D:5      | HP: 2/70 [something (6)]
  2920 | D:5      | Slain by an unseen horror

Illustrated notes

Levels and vault maps discovered:
D:1:      heliophobic_arrival_battle_scene, layout_loops_ring
D:2:      layout_basic
D:3:      layout_rooms, serial_undead, serial_undead_d, serial_undead_f,
          serial_undead_c, serial_undead_e, hellmonk_ecumenical_altar_blasted,
          ebering_ghost_reflecting_pool
D:4:      layout_basic, gammafunk_ghost_arena, serial_shops,
          kennysheep_little_box
D:5:      layout_loops_cross, mainiacjoe_overflow_alcove_1,
          minmay_temple_entry_antechambers, serial_shops,
          nicolae_take_the_stairs, shop, nicolae_diamond_shop, shop,
          roderic_roman_lattice
Temple:   cyrus_circular_temple

Skill      XL: |  1  2  3  4  5  6  7 |
---------------+----------------------+-----
Throwing       | 1 2 |  2.2
Unarmed Combat | 4 5 6 |  6.4
Fighting       | 3 4 |  4.1
Dodging        | 3 |  3.3
Stealth        | |  1.0

Action                   |  1- 3 |  4- 6 |  7- 9 || total
-------------------------+-------+-------+-------++-------
Melee: Unarmed           |   108 |   148 |    11 ||   267
       Punch             |     1 |     4 |     1 ||     6
Throw: Stone             |       |     8 |       ||     8
Invok: Lunge             |       |    16 |     1 ||    17
       Whirlwind         |       |     4 |       ||     4
       Serpent's Lash    |       |     2 |       ||     2
  Use: Potion            |       |     5 |       ||     5
       Scroll            |       |     5 |       ||     5
 Stab: Sleeping          |     5 |     2 |       ||     7
Armor: Robe              |    43 |    73 |    13 ||   129
Dodge: Dodged            |    65 |    91 |     5 ||   161

Table legend: (Time is in decaauts)
 A = Elapsed time spent in this place.
 B = Non-inter-level travel time spent in this place.
 C = Inter-level travel time spent in this place.
 D = Time resting spent in this place.
 E = Time spent auto-exploring this place.
 F = Levels seen in this place.
 G = Mean time per level.
                   A        B        C        D        E       F      G
               +--------+--------+--------+--------+--------+-----+--------+
         Total |   2899 |   2832 |     67 |     45 |   2125 |   6 |  483.2 |
       Dungeon |   2852 |   2785 |     67 |      0 |   2125 |   5 |  570.4 |
        Temple |     46 |     46 |      0 |     45 |      0 |   1 |   46.0 |
               +--------+--------+--------+--------+--------+-----+--------+

Top non-repeatable levels by time:
     D:2: 676 daAuts
     D:1: 601 daAuts
     D:3: 538 daAuts
     D:4: 524 daAuts
     D:5: 512 daAuts
  Temple: 46 daAuts
